 Dungeon Sprint DCSS version bcrawl-1.18 (webtiles) character file.

Game seed: 12733887236057062601

231 Freyura the Disciple of Destruction (level 5, -1/46 HPs)
             Began as a Demonspawn Fighter on Nov 3, 2019.
             Was a Follower of Makhleb.
             Killed from afar by a black draconian (8 damage)
             ... with a bolt of lightning
             ... in the Dungeon (Sprint V: "Ziggurat Sprint").
             The game lasted 00:04:57 (228 turns).

Freyura the Disciple of Destruction (DsFi)           Turns: 228, Time: 00:04:57

Health: -1/46      AC: 27    Str: 28    XL:     5   Next: 72%
Magic:  10/10      EV:  2    Int: 10    God:    Makhleb [*.....]
Gold:   0          SH: 29    Dex: 13    Spells: 4/4 levels left

rFire    . . .     SeeInvis .   M - +6 shillelagh "Devastator" {shatter}
rCold    + . .     Gourm    .   J - +18 shield of the Gong {rElec rN+ MR+ EV-5}
rNeg     + . .     Faith    .   I - +15 Maxwell's patent armour {-Cast -Tele rElec MR+ rCorr}
rPois    .         Spirit   .   (no helmet)
rElec    +         Reflect  .   (no cloak)
rCorr    +         Harm     .   (no gloves)
MR       ++...     NoTele   +   (no boots) Stlth ..........NoCast +
                                (no amulet)
HPRegen  0.15/turn              C - +6 ring of strength
MPRegen  0.12/turn              D - +6 ring of strength

@: no status effects
A: claws 2, cold resistance 1, freezing cloud immunity
a: Renounce Religion


You were in the Dungeon.
You worshipped Makhleb.
Makhleb was aware of your devotion.
You were not hungry.

You visited 1 branch

Inventory:

Hand Weapons
 a - the +8 battleaxe of Popsiqa {chaos, Str+2 Int+6}
   (You found it in the Dungeon)

   Each time it hits an enemy it has a different, random effect.
   It affects your strength (+2).
   It affects your intelligence (+6).
 F - the +6 Majin-Bo {vamp, *Drain Str+12 Int+24}
   (You found it in the Dungeon)

   It inflicts no extra harm, but heals its wielder when it wounds a living foe.
   It affects your strength (+12).
   It affects your intelligence (+24).
   It causes draining when unequipped.
 G - the +9 heavy crossbow "Sniper" {velocity, Acc+∞ SInv}
   (You found it in the Dungeon)

   Any bolt fired from it inflicts extra damage.
   It lets you see invisible.
 H - the +10 dark maul {crush}
   (You found it in the Dungeon)

   It inflicts extra damage upon your enemies.
 K - the cursed +14 obsidian axe {chop, +Fly SInv *Curse}
   (You found it in the Dungeon)

   It inflicts extra damage upon your enemies.
   It lets you see invisible.
   It lets you fly.
   It curses itself when equipped.
   It has a curse placed upon it.
 L - the +7 great mace "Firestarter" {inner flame, rF++}
   (You found it in the Dungeon)

   It has been specially enchanted to burn those struck by it, causing extra
   injury to most foes and up to half again as much damage against particularly
   susceptible opponents.
   It greatly protects you from fire.
 M - the +6 shillelagh "Devastator" (weapon) {shatter}
   (You found it in the Dungeon)
 N - the +11 plutonium sword {*Contam Stlth-}
   (You found it in the Dungeon)

   It causes magical contamination when unequipped.
   It makes you less stealthy.
 O - the +8 lance "Wyrmbane" {slay drac, rPois rF+ rC+ AC+3}
   (You found it in the Dungeon)

   It affects your AC (+3).
   It protects you from fire.
   It protects you from cold.
   It protects you from poison.
 P - the +9 sword of Zonguldrok {reap}
   (You found it in the Dungeon)

   If a monster killed with it leaves a corpse in good enough shape, the corpse
   will be animated as a zombie friendly to the killer.
 Q - the cursed +13 scythe of Curses {drain, *Curse}
   (You found it in the Dungeon)

   A truly terrible weapon, it drains the life of those it strikes.
   It curses itself when equipped.
   It has a curse placed upon it.
 R - the +0 sword of Power
   (You found it in the Dungeon)
 S - the +7 mace of Variability {chain chaos}
   (You found it in the Dungeon)

   Each time it hits an enemy it has a different, random effect.
 T - the +7 Singing Sword {slice, sonic wave}
   (You found it in the Dungeon)

   It inflicts extra damage upon your enemies.
 U - the +7 longbow "Piercer" {penet, EV-2}
   (You found it in the Dungeon)

   Ammo fired by it will pass through the targets it hits, potentially hitting
   all targets in its path until it reaches maximum range.
   It affects your evasion (-2).
Armour
 I - the +15 Maxwell's patent armour (worn) {-Cast -Tele rElec MR+ rCorr}
   (You found it in the Dungeon)

   It insulates you from electricity.
   It affects your resistance to hostile enchantments.
   It prevents spellcasting.
   It prevents most forms of teleportation.
   It provides partial protection from all sources of acid and corrosion.
 J - the +18 shield of the Gong (worn) {rElec rN+ MR+ EV-5}
   (You found it in the Dungeon)

   It affects your evasion (-5).
   It insulates you from electricity.
   It protects you from negative energy.
   It affects your resistance to hostile enchantments.
Jewellery
 y - a +6 ring of dexterity
 z - a +6 ring of dexterity
 A - a +6 ring of intelligence
 B - a +6 ring of intelligence
 C - a +6 ring of strength (left claw)
 D - a +6 ring of strength (right claw)
Wands
 v - a wand of disintegration (7)
 w - a wand of iceblast (7)
 x - a wand of acid (7)
Scrolls
 k - 4 scrolls of blinking
 q - 4 scrolls of amnesia
 r - 7 scrolls of fog
 s - 5 scrolls of identify
 t - 5 scrolls of remove curse
 u - 2 scrolls of fear
Potions
 d - 6 potions of might
 e - 10 potions of curing
 g - 10 potions of heal wounds
 h - 6 potions of haste
 i - 7 potions of magic
 j - 3 potions of berserk rage
 l - 2 potions of brilliance
 m - 2 potions of invisibility
 n - 4 potions of resistance
 p - 5 potions of agility
Miscellaneous
 E - a lightning rod (4/4)
Comestibles
 f - 7 rations {!d}


   Skills:
 + Level 5.9 Fighting
 + Level 4.9 Maces & Flails
 + Level 5.3 Armour
 + Level 4.5 Dodging
 + Level 5.4 Shields
 + Level 6.7 Invocations


You had 4 spell levels left.
You didn't know any spells.
Your spell library was empty.

Dungeon Overview and Level Annotations

Branches:
Dungeon (1/1)

Altars:
Ashenzari
Cheibriados
Dithmenos
Elyvilon
Fedhas
Gozag
Hepliaklqana
Kikubaaqudgha
Lugonu
Makhleb
Nemelex Xobeh
Okawaru
Qazlal
Ru
Sif Muna
Trog
Uskayaw
Vehumet
Wu Jian
Xom
Yredelemnul
Zin
The Shining One
Beogh
Jiyva

Annotations:
D 1 transporter


Innate Abilities, Weirdness & Mutations

You have very sharp fingernails.
Your flesh is cold resistant. (rC+)
You are immune to freezing clouds.


Message History

SHROANNG!
You block the black draconian's attack.
PANG!
The draconian hits you with a +0 club!
You closely miss the black draconian. You block the draconian's attack.
BOUMMMMG!
You block the draconian's attack.
GONNNNG!
The black draconian hits you with a +0 hand axe!
* * * LOW HITPOINT WARNING * * *
You block the draconian's attack.
SHROANNG!
You hit the black draconian.
The black draconian and the draconians shudder.
The draconian is lightly wounded. x2; The black draconian is lightly wounded.
You block the draconian's attack.
GONNNNG!
The black draconian breathes lightning at you.
The bolt of lightning hits you! You resist.
You die...

▓▓▓▓▓▓▓▓▓▓▓▓▓▓▓▓▓▓▓
▓.8©8.▓.8©8.▓.8©8.▓
▓.=:=.▓.[.).▓.....▓
▓..[..▓.....▓.|.[.▓
▓.ddd.▓.....▓.....▓
▓..@d.▓.....▓.....▓
▓.....▓.....▓..©..▓
▓..©..▓..©..▓▓▓▓▓▓▓
▓▓▓▓▓▓▓▓▓▓▓▓▓


You could see a black draconian and 3 draconians.

Vanquished Creatures
  A tarantella (D)
  A scorpion (D)
  A mummy (D)
  A bat zombie (D)
  A giant cockroach zombie (D)
5 creatures vanquished.

Notes
Turn   | Place    | Note
-------+----------+-------------------------------------------
     0 | D        | Freyura the Demonspawn Fighter began the quest for the Orb.
     0 | D        | Reached XP level 1. HP: 18/18 MP: 1/1
     0 | D        | Found a shimmering blue altar of Sif Muna.
     0 | D        | Found a bloodstained altar of Trog.
     0 | D        | Found a sacrificial altar of Ru.
     0 | D        | Found a stormy altar of Qazlal.
     0 | D        | Found an iron altar of Okawaru.
     1 | D        | Found a sparkling altar of Nemelex Xobeh.
     1 | D        | Found a blossoming altar of Fedhas.
     2 | D        | Found the +6 Majin-Bo {vamp, *Drain Str+12 Int+24}
     2 | D        | Found the +7 great mace "Firestarter" {inner flame, rF++}
     3 | D        | Found a transporter.
     3 | D        | Found an ancient bone altar of Kikubaaqudgha.
     3 | D        | Found a viscous altar of Jiyva.
     3 | D        | Found a corrupted altar of Lugonu.
     3 | D        | Found a hazy altar of Hepliaklqana.
     3 | D        | Found a burning altar of Makhleb.
     3 | D        | Found an opulent altar of Gozag.
    24 | D        | Found the +9 heavy crossbow "Sniper" {velocity, Acc+∞ SInv}
    24 | D        | Found the +10 dark maul {crush}
    24 | D        | Found the +15 Maxwell's patent armour {-Cast -Tele rElec
                  | MR+ rCorr}
    24 | D        | Found the +18 shield of the Gong {rElec rN+ MR+ EV-5}
    24 | D        | Found the cursed +14 obsidian axe {chop, +Fly SInv *Curse}
    26 | D        | Found the +6 shillelagh "Devastator" {shatter}
    26 | D        | Found the +11 plutonium sword {*Contam Stlth-}
    26 | D        | Found the +8 lance "Wyrmbane" {slay drac, rPois rF+ rC+
                  | AC+3}
    26 | D        | Found the +9 sword of Zonguldrok {reap}
    26 | D        | Found the cursed +13 scythe of Curses {drain, *Curse}
    26 | D        | Found the +0 sword of Power
    26 | D        | Found the +7 mace of Variability {chain chaos}
    26 | D        | Found the +7 Singing Sword {slice, sonic wave}
    26 | D        | Found the +7 longbow "Piercer" {penet, EV-2}
    60 | D        | Became a worshipper of Makhleb the Destroyer
    69 | D        | Reached skill level 3 in Invocations
    69 | D        | Gained mutation: You have sharp fingernails. [demonic
                  | ancestry]
    69 | D        | Reached XP level 2. HP: 25/25 MP: 1/4
    76 | D        | Entered arena 2.
    76 | D        | Noticed a tarantella
    76 | D        | Noticed a scorpion
    76 | D        | Found a transporter.
    81 | D        | Killed a tarantella
    81 | D        | Reached skill level 5 in Fighting
    81 | D        | Reached skill level 5 in Armour
    81 | D        | Reached skill level 5 in Shields
    81 | D        | Reached skill level 6 in Invocations
    81 | D        | Gained mutation: Your flesh is cold resistant. (rC+)
                  | [demonic ancestry]
    81 | D        | Reached XP level 3. HP: 19/33 MP: 2/7
    81 | D        | Gained mutation: You have very sharp fingernails. [demonic
                  | ancestry]
    81 | D        | Reached XP level 4. HP: 23/39 MP: 2/8
    81 | D        | Gained mutation: You are immune to freezing clouds.
                  | [demonic ancestry]
    81 | D        | Reached XP level 5. HP: 27/45 MP: 2/9
   208 | D        | Entered arena 3.
   208 | D        | Found a transporter.
   211 | D        | Reached * piety under Makhleb
   221 | D        | Got the +8 battleaxe of Popsiqa {chaos, Str+2 Int+6}
   223 | D        | Entered arena 4.
   223 | D        | Noticed a draconian
   223 | D        | Noticed a draconian
   223 | D        | Noticed a draconian
   223 | D        | Noticed a black draconian
   223 | D        | Found a transporter.
   228 | D        | Killed from afar by a black draconian

Skill      XL: |  1  2 |
---------------+-------+-----
Fighting       | 4 5 |  5.9
Maces & Flails | 3 4 |  4.9
Armour         | 3 5 |  5.3
Dodging        | 2 4 |  4.5
Shields        | 3 5 |  5.4
Invocations    | 3 6 |  6.7

Action                   |  1- 3 |  4- 6 || total
-------------------------+-------+-------++-------
Melee: Shillelagh        |     4 |     7 ||    11
  Use: Potion            |     1 |       ||     1
Armor: Plate armour      |     4 |     1 ||     5
Block: Shield            |     6 |    16 ||    22
